 Dungeon Crawl Stone Soup version 0.28.0 (webtiles) character file.

Game seed: 18430567259815009851

241 mortz the Conjurer (level 5, -10/40 HPs)
             Began as a Draconian Conjurer on Feb 17, 2022.
             Mangled by an orc warrior (12 damage)
             ... on level 4 of the Dungeon.
             The game lasted 00:39:56 (5424 turns).

mortz the Conjurer (Draconian Conjurer)             Turns: 5424, Time: 00:39:57

Health: -10/40     AC:  5    Str: 10    XL:     5   Next: 80%
Magic:  0/9        EV: 12    Int: 17    God:
Gold:   81         SH:  0    Dex: 13    Spells: 1/10 levels left

rFire   . . .      SeeInvis .   o - +9 short sword "Bosumou" {flame, rC+ Int-3 Dex+4}
rCold   + . .      Faith    .   (no shield)
rNeg    . . .      Spirit   .   (armour unavailable)
rPois   .          Reflect  .   (helmet restricted)
rElec   .          Harm     .   (no cloak)
rCorr   .          Rampage  .   (no gloves)
Will    .....                   (no boots)
Stlth   ++........              (no amulet)
HPRegen 0.13/turn               l - ring of wizardry
MPRegen 0.11/turn               q - +4 ring of slaying

@: studying Maces & Flails
A: AC +5, unfitting armour, cold-blooded
a: no special abilities


You were on level 4 of the Dungeon.
You visited 1 branch of the dungeon, and saw 4 of its levels.

You collected 81 gold pieces.

Inventory:

Hand Weapons
 a - a +0 short sword
 c - a +0 spear
 o - the +9 short sword "Bosumou" (weapon) {flame, rC+ Int-3 Dex+4}
   (You found it on level 3 of the Dungeon)

   It burns those it strikes, dealing additional fire damage.
   Int:       It affects your intelligence (-3).
   Dex:       It affects your dexterity (+4).
   rC:        It protects you from cold.
 r - a +1 whip of venom
 s - the +3 lajatang of Deformation {drain, Int+3}
   (You found it on level 3 of the Dungeon)

   A truly terrible weapon, it drains the life of any living foe it strikes.
   Int:       It affects your intelligence (+3).
Missiles
 m - 5 poisoned darts
Armour
 f - an orb of energy
Magical Staves
 v - a staff of air
Jewellery
 l - a ring of wizardry (left hand)
 q - a +4 ring of slaying (right hand)
 u - a ring of positive energy
Wands
 x - a wand of paralysis (3)
Scrolls
 b - a scroll of vulnerability {unknown}
 e - a scroll of noise {unknown}
 h - 3 scrolls of identify {unknown}
 j - a scroll of immolation {unknown}
 n - a scroll of amnesia {unknown}
 p - 2 scrolls of enchant weapon {unknown}
 t - a scroll of teleportation {unknown}
 w - a scroll of fog {unknown}
Potions
 d - a potion of might {unknown}
 g - a potion of degeneration {unknown}
 i - a potion of magic {unknown}
 k - 2 potions of heal wounds {unknown}


   Skills:
 * Level 1.5 Fighting
 * Level 1.1 Short Blades
 + Level 0.5 Polearms
 + Level 2.3 Dodging
 + Level 2.2 Stealth
 + Level 3.2 Spellcasting
 + Level 5.4 Conjurations
 + Level 0.1 Summonings


You had one spell level left.
You knew the following spells:

 Your Spells              Type           Power      Damage    Failure   Level
a - Magic Dart            Conj           84%        1d7       1%          1
b - Searing Ray           Conj           42%        2d6       1%          2
c - Sting                 Tmut/Pois      8%         1d3       7%          1
d - Summon Small Mammal   Summ           12%        N/A       6%          1
e - Fulminant Prism       Conj/Hex       6%         3d7       22%         4

Your spell library contained the following spells:

 Spells                   Type           Power      Damage    Failure   Level
 Dazzling Flash           Conj/Hex       24%        N/A       7%          3
 Corpse Rot               Necr/Air       4%         N/A       11%         2
 Poisonous Vapours        Pois/Air       4%         N/A       11%         2
 Call Canine Familiar     Summ           3%         N/A       19%         3
 Summon Guardian Golem    Hex/Summ       2%         N/A       21%         3
 Iskenderun's Mystic Bla  Conj/Tloc      12%        2d5       22%         4
 Olgreb's Toxic Radiance  Pois           2%         N/A       52%         4
 Summon Forest            Summ/Tloc      1%         N/A       86%         5
 Eringya's Noxious Bog    Tmut/Pois      1%         N/A       100%        6
 Summon Hydra             Summ           1%         N/A       100%        7


Dungeon Overview and Level Annotations

Branches:
Dungeon (4/15)
 Temple: D:4-7

Altars:

Annotations:
D:2 Sigmund


Innate Abilities, Weirdness & Mutations

Your plain brown scales are hard. (AC +5)
You cannot fit into any form of body armour.
You are cold-blooded and may be slowed by cold attacks.


Message History

Press: ? - help, Q - select action, (/) - cycle Shift-Dir - straight line, f/p - orc warrior
Aim: an orc warrior, wielding a +0 halberd and wearing a +1 plate armour of willpower (heavily wounded, chance to affect: 17%)
The orc warrior resists with almost no effort.
The orc warrior barely misses you.
You feel stupid.
You feel agile.
The +9 short sword "Bosumou" {flame, rC+ Int-3 Dex+4} bursts into flame!
o - the +9 short sword "Bosumou" (weapon)
{flame, rC+ Int-3 Dex+4}
Casting: Searing Ray (safe; 1% risk of failure)
Confirm with . or Enter, or press ? or * to list all spells.
Aiming: Searing Ray (safe; 1% risk of failure)
Press: ? - help, Shift-Dir - straight line, f/p - orc warrior
Aim: an orc warrior, wielding a +0 halberd and wearing a +1 plate armour of willpower (heavily wounded, 78% to hit)
The searing ray hits the orc warrior but does no damage.
The orc warrior is heavily wounded. (Press . to maintain the ray.)
The orc warrior barely misses you.
The searing ray hits the orc warrior.
The orc warrior is heavily wounded.
The orc warrior barely misses you.
The searing ray hits the orc warrior!
The orc warrior is severely wounded.
The orc warrior hits you from afar with a +0 halberd!
The searing ray hits the orc warrior but does no damage.
The orc warrior is severely wounded.
You finish channelling your searing ray.
The orc warrior completely misses you.
The orc warrior hits you with a +0 halberd.
You barely miss the orc warrior.
The orc warrior is severely wounded.
The orc warrior hits you with a +0 halberd!
* * * LOW HITPOINT WARNING * * *
You closely miss the orc warrior.
Your tail-slap misses the orc warrior.
The orc warrior is severely wounded.
The orc warrior hits you with a +0 halberd!
* * * LOW HITPOINT WARNING * * *
The orc warrior hits you from afar with a +0 halberd.
* * * LOW HITPOINT WARNING * * *
The orc warrior hits you from afar with a +0 halberd!
You die...

#....###### #.#..#
#.#..# #.#..###
#.#....# #.##.#.#
#>#.#
###.#############
#.##..)..@....#
#)#..##..##o#.#
#...#..###.#.....#
#.##.###oo#....###
#.#.##.)## ...##
#..#... ..##
##..## .## #. .# .
##


You could see an orc warrior.

Vanquished Creatures
  Jessica (D:2)
  Natasha (twice) (D:4)
  An orc wizard (D:3)
  A gnoll (D:1)
  3 adders
  2 adder skeletons (D:4)
  4 worms (D:2)
  2 dart slugs (D:2)
  3 orcs
  4 ball pythons
  8 endoplasms
  2 giant cockroaches
  9 goblins
  5 hobgoblins
  9 jackals
  3 quokkas
  5 bats
  2 frilled lizards (D:2)
  6 kobolds
  2 rats (D:3)
74 creatures vanquished.

Vanquished Creatures (others)
  A rat (D:2)
1 creature vanquished.

Grand Total: 75 creatures vanquished

Notes
Turn   | Place    | Note
-------+----------+-------------------------------------------
     0 | D:1      | mortz the Draconian Conjurer began the quest for the Orb.
     0 | D:1      | Reached XP level 1. HP: 14/14 MP: 3/3
    34 | D:1      | Found a faded altar of an unknown god.
   228 | D:1      | Reached XP level 2. HP: 11/20 MP: 1/5
   543 | D:1      | Learned a level 2 spell: Searing Ray
   967 | D:1      | Reached XP level 3. HP: 24/26 MP: 1/6
  1353 | D:1      | Learned a level 1 spell: Sting
  1649 | D:2      | Noticed Sigmund
  3214 | D:3      | Identified the +9 short sword "Bosumou" {flame, rC+ Int-3
                  | Dex+4}
  3260 | D:2      | Noticed Jessica
  3276 | D:2      | Killed Jessica
  3277 | D:2      | Reached skill level 5 in Conjurations
  3277 | D:2      | Reached XP level 4. HP: 34/34 MP: 3/7
  3544 | D:2      | Learned a level 1 spell: Summon Small Mammal
  4195 | D:3      | Reached skill level 1 in Fighting
  4195 | D:3      | Reached XP level 5. HP: 28/40 MP: 1/9
  4449 | D:3      | Identified the +3 lajatang of Deformation {drain, Int+3}
  4882 | D:4      | Noticed Natasha
  4887 | D:4      | Killed Natasha
  5030 | D:4      | Noticed Natasha
  5050 | D:4      | Killed Natasha
  5051 | D:4      | Reached skill level 1 in Short Blades
  5404 | D:4      | Learned a level 4 spell: Fulminant Prism
  5408 | D:4      | Noticed an orc warrior
  5422 | D:4      | HP: 1/40 [orc warrior (3)]
  5424 | D:4      | Mangled by an orc warrior

Illustrated notes

Levels and vault maps discovered:
D:1:      wheals_arrival_linesprint, layout_rooms,
          ebering_ecumenical_altar_sacrificial, minmay_heptomino_h4
D:2:      kennysheep_six_static_rooms, layout_basic, lemuel_old_faithful,
          uniq_crazy_yiuf_cottage, uniq_sigmund, uniq_jessica
D:3:      layout_basic, minmay_checkerbox
D:4:      layout_basic, serial_curves, eino_curves_02, eino_curves_04,
          chequers_serial_rivers_small_a, minmay_manual_mess, uniq_natasha

Skill      XL: |  1  2  3  4  5 |
---------------+----------------+-----
Stealth        | 2 |  2.2
Dodging        | 2 |  2.3
Conjurations   | 5 |  5.4
Fighting       | 1 |  1.5
Spellcasting   | 3 |  3.2
Short Blades   | 1 |  1.1
Polearms       | |  0.5
Summonings     | |  0.1

Action                   |  1- 3 |  4- 6 || total
-------------------------+-------+-------++-------
Melee: Whip              |    10 |       ||    10
       Spear             |    26 |       ||    26
       Tailslap          |     3 |       ||     3
       Short sword       |     1 |    13 ||    14
 Cast: Magic Dart        |    75 |    59 ||   134
       Searing Ray       |     9 |    13 ||    22
       Summon Small Mamm |       |     2 ||     2
Evoke: Wand              |       |     1 ||     1
  Use: Scroll            |     1 |       ||     1
       Potion            |     1 |       ||     1
Armor: Skin              |     9 |     1 ||    10
Dodge: Dodged            |    40 |    12 ||    52
